 Dungeon Crawl Stone Soup version 0.22-a0-348-gd16d139 (webtiles) character file.

218 JeffiDaFish the Firebug (level 5, -5/57 HPs)
             Began as a Draconian Fire Elementalist on Apr 9, 2018.
             Slain by an orc
             ... wielding a +0 hand axe
              (9 damage)
             ... on level 4 of the Dungeon.
             The game lasted 00:09:03 (3443 turns).

JeffiDaFish the Firebug (DrFE)                      Turns: 3443, Time: 00:09:03

Health: -5/57      AC:  5    Str: 15    XL:     5   Next: 63%
Magic:  2/10       EV: 12    Int: 16    God:
Gold:   111        SH:  0    Dex: 12    Spells: 3/11 levels left

rFire    . . .     SeeInvis .   d - +0 whip
rCold    . . .     Gourm    .   (no shield)
rNeg     . . .     Faith    .   (armour unavailable)
rPois    .         Spirit   .   (helmet restricted)
rElec    .         Reflect  .   (no cloak)
rCorr    .         Harm     .   (no gloves)
MR       .....     Rnd*Tele +   (no boots)
Stlth    ..........             (no amulet)
HPRegen  0.19/turn              e - ring of teleportation
MPRegen  0.12/turn              (no ring)

@: berserking, lethally poisoned (-5 -> -7), very quick
A: unfitting armour, blink, screaming 1, cold-blooded, AC +5
a: Blink


You were on level 4 of the Dungeon.
You were hungry.

You visited 1 branch of the dungeon, and saw 4 of its levels.

You collected 111 gold pieces.

Inventory:

Hand Weapons
 d - a +0 whip (weapon)
Jewellery
 e - a ring of teleportation (left hand)
Scrolls
 c - 4 scrolls of identify
Potions
 f - a potion of berserk rage
 g - a potion of might
Comestibles
 a - 3 chunks of flesh
 b - 9 rations


   Skills:
 - Level 1.7 Dodging
 - Level 1.7 Stealth
 * Level 3.7 Spellcasting
 * Level 3.6 Conjurations
 + Level 3.9 Fire Magic


You had 3 spell levels left.
You knew the following spells:

 Your Spells              Type           Power        Failure   Level  Hunger
a - Flame Tongue          Conj/Fire      ###..        3%          1    None
b - Conjure Flame         Conj/Fire      ###.....     11%         3    ###....
c - Sticky Flame          Conj/Fire      ###.....     36%         4    ####...


Dungeon Overview and Level Annotations

Branches:
Dungeon (4/15)
 Temple: D:4-7

Altars:
Wu Jian


Innate Abilities, Weirdness & Mutations

Your plain brown scales are hard. (AC +5)
You cannot fit into any form of body armour.
You are cold-blooded and may be slowed by cold attacks.
You can translocate small distances at will.
You occasionally shout uncontrollably at your foes.


Message History

You feel sick.
* * * LOW HITPOINT WARNING * * *
You feel sick.
* * * LOW HITPOINT WARNING * * *
You feel sick.
You are suddenly yanked towards some nearby monsters!
Your surroundings suddenly seem different.
* * * LOW HITPOINT WARNING * * *
You feel sick. 2 orcs and an orc wizard come into view.
The orc wizard is wielding a dagger of venom.
An orc is wielding a dagger of venom.
A red film seems to cover your vision as you go berserk!
You feel yourself moving faster!
You feel mighty!
The orc shouts!
You hear a shout!
The orc wizard mumbles some strange words.
The orc wizard seems to speed up.
You hit the orc.
Your tail-slap misses the orc.
The orc is lightly wounded.
The orc hits you with a hand axe!
You die...

#### #.o #o#
#@# .. #.oo#
.. #...# ..
#...# #.
#...# ####.#
###.# .....
...
#####..######
.......%...#


You could see an orc wizard and 3 orcs.

Vanquished Creatures
  Terence (D:2)
  An iguana (D:4)
  A worker ant (D:4)
  7 adders
  An ooze (D:1)
  4 worms
  2 dart slugs
  4 leopard geckos
  3 orcs (D:3)
  8 bats
  5 giant cockroaches
  3 goblins
  5 hobgoblins
  A frilled lizard (D:1)
  6 kobolds
  8 rats
60 creatures vanquished.

Notes
Turn   | Place    | Note
-------+----------+-------------------------------------------
     0 | D:1      | JeffiDaFish the Draconian Fire Elementalist began the quest for the Orb.
     0 | D:1      | Reached XP level 1. HP: 14/14 MP: 3/3
   560 | D:1      | Reached XP level 2. HP: 20/20 MP: 1/5
  1241 | D:2      | Reached XP level 3. HP: 26/26 MP: 0/6
  1589 | D:1      | Learned a level 3 spell: Conjure Flame
  1790 | D:2      | Reached XP level 4. HP: 33/33 MP: 6/8
  2127 | D:2      | Gained mutation: You occasionally shout uncontrollably at your foes. [potion of mutation]
  2127 | D:2      | Gained mutation: You can translocate small distances at will. [potion of mutation]
  2504 | D:3      | Noticed Terence
  2527 | D:2      | Killed Terence
  2919 | D:3      | Reached XP level 5. HP: 38/38 MP: 6/10
  2972 | D:3      | Found an ornate altar of the Wu Jian Council.
  3002 | D:3      | Learned a level 4 spell: Sticky Flame
  3443 | D:4      | Slain by an orc

Vault maps used:
D:1:      dpeg_arrival_arbitrary_c, minmay_misc_feat_room
D:3:      lemuel_doored_altar, first_ration, gup_sewer_entry_spiral,
          uniq_terence
D:4:      kb_forest_paths, nicolae_ru_sacrificial_ziggurat, cheibriados_altar_1,
          grunt_temple_overflow_open, item_on_display_a

Skill      XL: |  1  2  3  4 |
---------------+-------------+-----
Conjurations   | 2 3 |  3.6
Spellcasting   | 3 |  3.7
Dodging        | |  1.7
Stealth        | |  1.7
Fire Magic     | |  3.9

Action                   |  1- 3 |  4- 6 || total
-------------------------+-------+-------++-------
Melee: Whip              |    42 |    19 ||    61
       Tailslap          |     3 |     1 ||     4
 Cast: Flame Tongue      |    47 |    67 ||   114
       Sticky Flame      |       |     1 ||     1
  Use: Potion            |     4 |     5 ||     9
       Scroll            |     3 |     2 ||     5
  Eat: Chunk             |     3 |     5 ||     8
Armor: Skin              |    24 |     5 ||    29
Dodge: Dodged            |    58 |    25 ||    83

Table legend:
 A = Spawn XP
 B = Non-spawn XP
 C = Spawn XP percentage of total XP
 D = Spawn monster count
 E = Non-spawn monster count
 F = Spawn count percentage of total count
 G = Total turns spent on level
                    A         B        C        D         E        F      G
               +---------+---------+-------+---------+---------+-------+---------
         Total |       0 |     312 |   0.0 |       0 |      60 |   0.0 |  3443
               +---------+---------+-------+---------+---------+-------+---------
           D:1 |       0 |      50 |   0.0 |       0 |      18 |   0.0 |  1557
           D:2 |       0 |     129 |   0.0 |       0 |      24 |   0.0 |  1171
           D:3 |       0 |      48 |   0.0 |       0 |      15 |   0.0 |   660
           D:4 |       0 |      85 |   0.0 |       0 |       3 |   0.0 |    55
               +---------+---------+-------+---------+---------+-------+---------
